 Dungeon Crawl Stone Soup version 0.30-a0-165-g1891117ce2 (webtiles) character file.

Game seed: 13249236460970824220

623 qw the Chopper (level 7, -3/43 HPs)
             Began as a Gargoyle Fighter on Sept 28, 2022.
             Slain by Duvessa
             ... wielding a +0 rapier
              (4 damage)
             ... on level 5 of the Dungeon.
             The game lasted 00:01:35 (5236 turns).

qw the Chopper (Gargoyle Fighter)                   Turns: 5236, Time: 00:01:36

Health: -3/43      AC: 13    Str: 21    XL:     7   Next: 47%
Magic:  7/7        EV:  7    Int:  9    God:
Gold:   345        SH:  4    Dex:  9    Spells: 6/6 levels left

rFire   . . .      SeeInvis .    Y - +1 war axe
rCold   . . .      Faith    .    c - +0 buckler
rNeg    + . .      Spirit   .    l - +0 chain mail
rPois   inf        Reflect  .    (no helmet)
rElec   +          Harm     .    (no cloak)
rCorr   .          Rampage  .    (no gloves)
Will    .....                    (no boots)
Stlth   ..........               (no amulet)
HPRegen 0.14/turn                (no ring)
MPRegen 0.10/turn                (no ring)

@: about to teleport
A: sickness immunity, AC +4, negative energy resistance 1, electricity
resistance, torment resistance 1, petrification resistance
a: no special abilities


You were on level 5 of the Dungeon.
You visited 1 branch of the dungeon, and saw 5 of its levels.

You collected 345 gold pieces.


Innate Abilities, Weirdness & Mutations

You are immune to sickness and miasma.
Your stone body is resilient. (AC +4)
You are immune to poison.
You resist negative energy. (rN+)
You are resistant to electric shocks. (rElec)
You are resistant to unholy torment.
You are immune to petrification.


   Skills:
 - Level 4.1 Fighting
 - Level 7.1 Axes
 - Level 3.2 Armour
 + Level 0.0 Dodging
 - Level 3.2 Shields


You had 6 spell levels left.
You didn't know any spells.
Your spell library was empty.

Inventory:

Hand Weapons
 e - a +0 flail
 Y - a +1 war axe (weapon)
Armour
 c - a +0 buckler (worn)
 l - a +0 chain mail (worn)
Jewellery
 f - a ring of ice
Scrolls
 b - 2 scrolls of identify
 g - 2 scrolls of blinking {unknown}
Potions
 a - 2 potions of curing
 d - 2 potions of might
 h - a potion of heal wounds {unknown}
 i - a potion of flight {unknown}
 k - a potion of mutation {unknown}
 m - a potion of cancellation {unknown}

Dungeon Overview and Level Annotations

Branches:
Dungeon (5/15)
 Temple: D:4-7

Altars:

Annotations:
D:5 Dowan, Duvessa


Message History

You hit Duvessa.
You hit the shadow imp but do no damage.
You block Duvessa's attack. The shadow imp closely misses you.
Dowan gestures wildly while chanting.
Dowan blinks!
You hit Duvessa.
Duvessa is moderately wounded.
You barely miss the shadow imp. Duvessa barely misses you.
The shadow imp hits you but does no damage.
Duvessa hits you with a +0 rapier.
Dowan mumbles some strange words.
Dowan blinks!
The shadow imp hits you.
You barely miss Duvessa.
Duvessa is moderately wounded.
You hit the orc. You closely miss the shadow imp.
Duvessa says, "My weaknesses are his strengths!"
You block Duvessa's attack. The shadow imp gestures at you.
Pain shoots through your body! The orc hits you but does no damage.
Dowan gestures wildly while chanting.
Dowan blinks!
You hit Duvessa.
Duvessa is moderately wounded.
You barely miss the shadow imp. You hit the orc.
Duvessa hits you with a +0 rapier. You block the shadow imp's attack.
The orc hits you with a +0 mace. Dowan casts a spell at you.
The orc wizard is outlined in light.
5235 ||| READING scroll of teleportation.
As you read the scroll of teleportation, it crumbles to dust.
You feel strangely unstable. Duvessa hits you with a +0 rapier.
The orc wizard closely misses you. The shadow imp hits you.
The orc hits you but does no damage.
You hit the orc.
You kill the orc!
You closely miss the orc. You closely miss the shadow imp.
You barely miss the orc wizard. You closely miss Duvessa.
Duvessa hits you with a +0 rapier.
You die...

#.. ###.# . ...##.... ..
........##.#
>.......##.#
#.......##.# #........#
#..e5oe.### ##########
#.)@.....# ........[#
#.o......# ########.#
#........# ######
#.###.#....### #.....
#####..........# #.####
##.........#...## #.#
.####.....######...# #.#
.?.................# #.#
#####.....######..######
#.#


You could see Duvessa, Dowan, an orc wizard (invisible, corona), a shadow imp
and an orc.

Vanquished Creatures
  Edmund (D:5)
  A water moccasin (D:5)
  Blork the orc (D:5)
  A scorpion (D:4)
  A hound (D:2)
  A jelly (D:4)
  Jessica (D:2)
  An iguana (D:5)
  Terence (D:3)
  A gnoll (D:3)
  3 adders
  2 ufetubi
  3 dart slugs
  6 orcs
  5 endoplasms
  2 giant cockroaches (D:2)
  9 goblins
  4 hobgoblins
  3 jackals (D:2)
  8 kobolds
  10 quokkas
  5 ball pythons
  6 bats
  3 frilled lizards (D:1)
  6 rats
85 creatures vanquished.

Notes
Turn   | Place    | Note
-------+----------+-------------------------------------------
     0 | D:1      | qw the Gargoyle Fighter began the quest for the Orb.
     0 | D:1      | Reached XP level 1. HP: 14/14 MP: 1/1
     0 | D:1      | 0 ||| qw: Version: 0.2-a-12-gaebbb33
     0 | D:1      | 0 ||| qw: Game counter: 811
     0 | D:1      | 0 ||| qw: Always use a shield: true
     0 | D:1      | 0 ||| qw: God list: Okawaru
     0 | D:1      | 0 ||| qw: Allow faded altars: false
     0 | D:1      | 0 ||| qw: Do Orc after D:15 true
     0 | D:1      | 0 ||| qw: Do second Lair branch before Depths: true
     0 | D:1      | 0 ||| qw: Lair rune preference: random
     0 | D:1      | 0 ||| qw: Plans: Normal, Zot:1-4, God:TSO, Crypt, Tomb,
                  | Pan, Slime:5, Hells, Abyss, Orb
     0 | D:1      | 0 ||| PLANNING D:1-11
   136 | D:1      | Reached skill level 2 in Axes
   245 | D:1      | Reached XP level 2. HP: 19/19 MP: 2/2
   697 | D:1      | 697 ||| DROPPING +0 club.
   764 | D:1      | 764 ||| Stepping ~*~*~tactically~*~*~ (stealth).
   766 | D:1      | 766 ||| Stepping ~*~*~tactically~*~*~ (stealth).
   846 | D:1      | Reached skill level 3 in Axes
  1041 | D:1      | Reached XP level 3. HP: 18/23 MP: 3/3
  1367 | D:1      | 1367 ||| READING scroll labelled GAOTTU DEAMOUM.
  1368 | D:1      | 1368 ||| READING scroll labelled NAEFRI TOAPTUAC.
  1441 | D:2      | 1441 ||| Stepping ~*~*~tactically~*~*~ (hiding).
  1598 | D:2      | Found a faded altar of an unknown god.
  1967 | D:2      | Noticed Jessica
  1975 | D:2      | Killed Jessica
  1976 | D:2      | Reached skill level 4 in Axes
  1976 | D:2      | Reached XP level 4. HP: 26/28 MP: 4/4
  2166 | D:2      | 2166 ||| Stepping ~*~*~tactically~*~*~ (stealth).
  2167 | D:2      | 2167 ||| Stepping ~*~*~tactically~*~*~ (stealth).
  2436 | D:2      | 2436 ||| READING scroll labelled BEWKEH ROJESUWK.
  2437 | D:2      | 2437 ||| READING scroll labelled QUIMEJOINO.
  2505 | D:3      | 2505 ||| Stepping ~*~*~tactically~*~*~ (stealth).
  2508 | D:3      | 2508 ||| Stepping ~*~*~tactically~*~*~ (stealth).
  2523 | D:3      | Reached XP level 5. HP: 21/32 MP: 5/5
  2524 | D:3      | 2524 ||| FLEEEEING.
  2525 | D:3      | 2525 ||| FLEEEEING.
  2526 | D:3      | 2526 ||| FLEEEEING.
  2527 | D:3      | 2527 ||| FLEEEEING.
  2528 | D:3      | 2528 ||| FLEEEEING.
  2529 | D:3      | 2529 ||| FLEEEEING.
  2530 | D:3      | 2530 ||| FLEEEEING.
  2531 | D:3      | 2531 ||| FLEEEEING.
  2534 | D:3      | 2534 ||| FLEEEEING.
  2535 | D:3      | 2535 ||| FLEEEEING.
  2536 | D:3      | 2536 ||| FLEEEEING.
  2537 | D:3      | 2537 ||| FLEEEEING.
  2538 | D:3      | 2538 ||| FLEEEEING.
  2539 | D:3      | 2539 ||| FLEEEEING.
  2540 | D:3      | 2540 ||| FLEEEEING.
  2541 | D:3      | 2541 ||| FLEEEEING.
  2542 | D:3      | 2542 ||| STAIRDANCE
  2626 | D:2      | 2626 ||| DRINKING 3 pink potions.
  2633 | D:3      | 2633 ||| DROPPING +0 whip.
  2670 | D:3      | 2670 ||| Stepping ~*~*~tactically~*~*~ (stealth).
  2671 | D:3      | 2671 ||| Stepping ~*~*~tactically~*~*~ (stealth).
  2778 | D:3      | Noticed Terence
  2790 | D:3      | Killed Terence
  2942 | D:3      | Reached skill level 5 in Axes
  2942 | D:3      | 2942 ||| Stepping ~*~*~tactically~*~*~ (stealth).
  2943 | D:3      | 2943 ||| Stepping ~*~*~tactically~*~*~ (stealth).
  3138 | D:3      | 3138 ||| UPGRADING to +0 chain mail.
  3148 | D:3      | 3148 ||| DROPPING +0 scale mail.
  3149 | D:3      | 3149 ||| READING scroll labelled NEMOHO BUJOOD.
  3150 | D:3      | 3150 ||| READING scroll labelled SEUN GUADECZUKH.
  3154 | D:3      | 3154 ||| READING scroll labelled VASMI XURORYGU.
  3155 | D:3      | 3155 ||| READING scroll labelled YGANIRPH PIHI.
  3156 | D:3      | 3156 ||| DRINKING 2 white potions.
  3157 | D:3      | 3157 ||| DROPPING potion of brilliance.
  3175 | D:4      | 3175 ||| PLANNING OSSUARY
  3210 | D:4      | Found Exeblaer's Self-Improvement Boutique.
  3428 | D:4      | 3428 ||| Stepping ~*~*~tactically~*~*~ (stealth).
  3724 | D:4      | Reached XP level 6. HP: 38/38 MP: 6/6
  3816 | D:4      | 3816 ||| RIP OSSUARY
  3819 | D:4      | 3819 ||| PLANNING D:1-11
  4194 | D:4      | 4194 ||| DRINKING 2 fizzy inky potions.
  4195 | D:4      | 4195 ||| READING 2 scrolls of identify.
  4195 | D:4      | 4195 ||| IDENTIFYING glowing black potion
  4196 | D:4      | 4196 ||| DROPPING potion of ambrosia.
  4197 | D:4      | 4197 ||| DROPPING potion of degeneration.
  4226 | D:5      | Entered Level 5 of the Dungeon
  4238 | D:5      | Noticed a water moccasin
  4245 | D:5      | Killed a water moccasin
  4246 | D:5      | Reached skill level 6 in Axes
  4519 | D:5      | Noticed Blork the orc
  4520 | D:5      | 4520 ||| Stepping ~*~*~tactically~*~*~ (hiding).
  4532 | D:5      | Killed Blork the orc
  4533 | D:5      | Reached XP level 7. HP: 24/43 MP: 7/7
  4947 | D:5      | Noticed Edmund
  4965 | D:5      | Killed Edmund
  4966 | D:5      | Reached skill level 7 in Axes
  5224 | D:5      | Noticed Dowan
  5224 | D:5      | Noticed Duvessa
  5234 | D:5      | HP: 9/43 [Duvessa/+0 rapier (4)]
  5235 | D:5      | 5235 ||| READING scroll of teleportation.
  5235 | D:5      | HP: 1/43 [shadow imp (4)]
  5236 | D:5      | Slain by Duvessa

Levels and vault maps discovered:
D:1:      ncdulo_lavacross, layout_basic
D:2:      layout_basic, shapermc_ecumenical_altar_acropolis,
          kennysheep_jessica_study
D:3:      wander_river, layout_rooms, serial_park_tiny_2,
          minmay_fractal_squares_5, uniq_terence
D:4:      layout_loops_ring, enter_ossuary_5, nicolae_shop_self_help
D:5:      layout_loops_ring, uniq_edmund, uniq_duvessa, uniq_blork_the_orc

Skill      XL: |  1  2  3  4  5  6  7 |
---------------+----------------------+-----
Axes           | 2 3 4 5 6 7 |  7.1
Fighting       | 4 |  4.1
Armour         | |  3.2
Shields        | |  3.2

Action                   |  1- 3 |  4- 6 |  7- 9 || total
-------------------------+-------+-------+-------++-------
Melee: War axe           |   106 |   170 |    29 ||   305
  Use: Scroll            |     2 |     7 |     1 ||    10
       Potion            |       |     3 |       ||     3
Armor: Scale mail        |    47 |    51 |       ||    98
       Chain mail        |       |    60 |     9 ||    69
Dodge: Dodged            |    44 |    64 |     7 ||   115
Block: Buckler           |    22 |    36 |     7 ||    65

Table legend:
 A = Non-vault XP
 B = Vault XP
 C = Vault XP percentage of total XP
 D = Non-vault monster count
 E = Vault monster count
 F = Vault count percentage of total count
                 A         B        C        D         E       F
            +---------+---------+-------+---------+---------+-------
      Total |     527 |     367 |  41.1 |      72 |      13 |  15.3
            +---------+---------+-------+---------+---------+-------
        D:1 |      36 |       0 |   0.0 |      23 |       0 |   0.0
        D:2 |      79 |      39 |  33.1 |      18 |       2 |  10.0
        D:3 |      33 |      65 |  66.3 |      14 |       9 |  39.1
        D:4 |     166 |       0 |   0.0 |      12 |       0 |   0.0
        D:5 |     213 |     263 |  55.3 |       5 |       2 |  28.6
            +---------+---------+-------+---------+---------+-------
